 Dungeon Crawl Stone Soup version 0.29.0-4-gdea44cf6ec (webtiles) character file.

Game seed: 11573833642476800413

93 qw the Chopper (level 4, 0/36 HPs)
             Began as a Barachi Chaos Knight on Sept 7, 2022.
             Slain by an iron imp (2 damage)
             ... summoned by Xom
             ... on level 2 of the Dungeon.
             The game lasted 00:01:05 (2085 turns).

qw the Chopper (Barachi Chaos Knight)               Turns: 2085, Time: 00:01:05

Health: 0/36       AC:  9    Str: 16    XL:     4   Next: 61%
Magic:  4/4        EV:  7    Int: 12    God:
Gold:   26         SH:  0    Dex:  9    Spells: 3/3 levels left

rFire   . . .      SeeInvis .   Y - +0 hand axe (chaos)
rCold   . . .      Faith    .   (no shield)
rNeg    . . .      Spirit   .   m - +0 chain mail
rPois   .          Reflect  .   (no helmet)
rElec   .          Harm     .   (no cloak)
rCorr   .          Rampage  .   f - +0 pair of gloves
Will    .....                   (no boots)
Stlth   ..........              (no amulet)
HPRegen 0.12/turn               (no ring)
MPRegen 0.09/turn               (no ring)

@: slow
A: amphibious, slowness 1, strong legs 1, +LOS, clumsy 1, sense surroundings 1
a: Hop


You were on level 2 of the Dungeon.
You visited 1 branch of the dungeon, and saw 2 of its levels.

You collected 26 gold pieces.


Innate Abilities, Weirdness & Mutations

You are amphibious.
You cover ground slowly.
You can hop short distances.
You have an extended range of vision and can be seen from far away.
You are clumsy. (Dex -2)
You passively map a small area around you.


   Skills:
 - Level 3.6 Fighting
 + Level 5.7 Axes
 - Level 2.4 Armour
 - Level 1.1 Dodging


You had 3 spell levels left.
You didn't know any spells.
Your spell library was empty.

Inventory:

Hand Weapons
 p - a +0 whip
 Y - a +0 hand axe of chaos (weapon)
Armour
 a - a +0 plate armour
 f - a +0 pair of gloves (worn)
 m - a +0 chain mail (worn)
Jewellery
 b - a ring of ice
Scrolls
 i - a scroll of identify {unknown}
 n - a scroll of magic mapping {unknown}
 o - a scroll of vulnerability {unknown}
Potions
 d - 2 potions of brilliance {unknown}
 e - a potion of heal wounds {unknown}
 g - a potion of haste {unknown}
 h - a potion of magic {unknown}
 j - a potion of berserk rage {unknown}
 k - a potion of experience {unknown}
 l - a potion of curing {unknown}
Miscellaneous
 c - a piece from Xom's chessboard (15/15)

Dungeon Overview and Level Annotations

Branches:
Dungeon (2/15)

Altars:

Shops:
D:2 (


Message History

There is an entrance to Ugiubaxt's Antique Weapon Boutique here.
2041 ||| SHOPLISTING flail (63 gold, have 26).
You can access your shopping list by pressing '$'.
2041 ||| SHOPLISTING glowing morningstar (126 gold, have 26).
You can access your shopping list by pressing '$'.
You see here a +0 robe.
You open the door.
There is an open door here.
There is a dry fountain here. "Fight to survive, mortal."
A white imp comes into view.
You hit the chaos spawn.
The chaos spawn seems to grow stronger.
The chaos spawn is lightly wounded.
You hit the iron imp but do no damage.
The iron imp flickers and vanishes!
Deactivating autopickup; reactivate with Ctrl-A.
You barely miss the chaos spawn.
The chaos spawn is lightly wounded.
You closely miss something.
The chaos spawn hits you but does no damage.
You barely miss the chaos spawn.
The chaos spawn is lightly wounded.
You hit something. You closely miss the ufetubus.
You hit the ice devil but do no damage. The ufetubus hits you.
The ufetubus barely misses you. Something hits you.
The soul eater draws from the surrounding life force!
The ufetubus hits you but does no damage.
The ufetubus barely misses you.
The ice devil hits you but does no damage.
The white imp shouts, "Escape, thou pox-marked nose-picking jarkman!"
The chaos spawn gores you!!
Ouch! That really hurt!
The chaos spawn draws strength from your injuries!
You barely miss the ice devil. You hit something but do no damage.
You hit the chaos spawn.
The chaos spawn suddenly seems more agile.
You closely miss the ufetubus. The ufetubus barely misses you.
The ufetubus hits you but does no damage.
Something hits you.
You die...

#......###.........###.........
###<.....'............8#......#..
#.....)..######..#.....##.....##.
..#......#########8.....########.
#...>.......#.., ###.....#8###8#.
#.\.#...[...#.., ##....%.......
#.....#.....#..### #}...........
#.#####.....#..5.# ##............
#.# #.....#.34@###.....#8###8##
..# #.....###{4#8.....#### ####
### #.....# #55#.....#### #
#.....# #.......8#..# # #######
#......###..# #.....##....#
####8##.....# ###......#
#......######


You could see a soul eater (summoned), an ice devil (summoned), a chaos spawn
(summoned, strong, agile), a quasit (summoned), a white imp (summoned) and an
ufetubus (summoned).

Vanquished Creatures
  2 adders (D:2)
  3 worms (D:2)
  2 dart slugs (D:2)
  3 bats (D:1)
  6 endoplasms
  2 giant cockroaches (D:2)
  4 hobgoblins
  5 jackals (D:1)
  10 kobolds
  3 ball pythons
  11 goblins
  2 rats (D:1)
53 creatures vanquished.

Notes
Turn   | Place    | Note
-------+----------+-------------------------------------------
     0 | D:1      | qw the Barachi Chaos Knight began the quest for the Orb.
     0 | D:1      | Reached XP level 1. HP: 18/18 MP: 1/1
     0 | D:1      | 0 ||| qw: Version: 0.1-a-108-g9e35731
     0 | D:1      | 0 ||| qw: Game counter: 6440
     0 | D:1      | 0 ||| qw: Always use a shield: true
     0 | D:1      | 0 ||| qw: God list: Okawaru
     0 | D:1      | 0 ||| qw: Allow faded altars: false
     0 | D:1      | 0 ||| qw: Do Orc after D:15 true
     0 | D:1      | 0 ||| qw: Do second Lair branch before Depths: true
     0 | D:1      | 0 ||| qw: Lair rune preference: random
     0 | D:1      | 0 ||| qw: Plans: Normal
     0 | D:1      | 0 ||| PLANNING D:1-11
     0 | D:1      | Fell from the grace of Xom
   207 | D:1      | 207 ||| Stepping ~*~*~tactically~*~*~ (stealth).
   210 | D:1      | Reached XP level 2. HP: 24/24 MP: 2/2
   216 | D:1      | Reached skill level 4 in Axes
   618 | D:1      | 618 ||| Stepping ~*~*~tactically~*~*~ (stealth).
   684 | D:1      | Found a faded altar of an unknown god.
   686 | D:1      | Noticed a great orb of eyes
   687 | D:1      | Noticed a great orb of eyes
   687 | D:1      | Noticed an eye of devastation
   688 | D:1      | Noticed a golden eye
   719 | D:1      | Reached XP level 3. HP: 22/29 MP: 3/3
   867 | D:1      | 867 ||| Stepping ~*~*~tactically~*~*~ (stealth).
   876 | D:1      | 876 ||| Stepping ~*~*~tactically~*~*~ (stealth).
  1131 | D:1      | 1131 ||| Stepping ~*~*~tactically~*~*~ (stealth).
  1135 | D:1      | 1135 ||| Stepping ~*~*~tactically~*~*~ (stealth).
  1136 | D:1      | 1136 ||| Stepping ~*~*~tactically~*~*~ (stealth).
  1137 | D:1      | 1137 ||| Stepping ~*~*~tactically~*~*~ (stealth).
  1194 | D:1      | 1194 ||| DROPPING +0 club.
  1204 | D:1      | 1204 ||| UPGRADING to +0 pair of gloves.
  1209 | D:1      | 1209 ||| UPGRADING to +0 scale mail.
  1219 | D:1      | 1219 ||| DROPPING +2 leather armour.
  1220 | D:1      | 1220 ||| UPGRADING to +0 chain mail.
  1230 | D:1      | 1230 ||| DROPPING +0 scale mail.
  1231 | D:1      | 1231 ||| READING scroll labelled IREATE UMEMPI.
  1232 | D:1      | 1232 ||| READING scroll labelled ICLOAG TICKI.
  1238 | D:2      | 1238 ||| Stepping ~*~*~tactically~*~*~ (hiding).
  1250 | D:2      | 1250 ||| Stepping ~*~*~tactically~*~*~ (stealth).
  1255 | D:2      | 1255 ||| Stepping ~*~*~tactically~*~*~ (stealth).
  1268 | D:2      | Reached skill level 5 in Axes
  1313 | D:2      | 1313 ||| Stepping ~*~*~tactically~*~*~ (stealth).
  1314 | D:2      | 1314 ||| Stepping ~*~*~tactically~*~*~ (stealth).
  1419 | D:2      | 1419 ||| Stepping ~*~*~tactically~*~*~ (stealth).
  1450 | D:2      | Reached XP level 4. HP: 35/36 MP: 4/4
  1546 | D:2      | XOM: 1-stop teleportation journey
  1662 | D:2      | 1662 ||| Stepping ~*~*~tactically~*~*~ (stealth).
  1686 | D:2      | 1686 ||| Stepping ~*~*~tactically~*~*~ (stealth).
  1689 | D:2      | 1689 ||| Stepping ~*~*~tactically~*~*~ (stealth).
  1690 | D:2      | 1690 ||| Stepping ~*~*~tactically~*~*~ (stealth).
  1691 | D:2      | 1691 ||| Stepping ~*~*~tactically~*~*~ (stealth).
  1830 | D:2      | XOM: give mutations
  1830 | D:2      | Gained mutation: You are clumsy. (Dex -2) [Xom's mischief]
  1830 | D:2      | Gained mutation: You passively map a small area around you.
                  | [Xom's mischief]
  2032 | D:2      | Found Ugiubaxt's Antique Weapon Boutique.
  2041 | D:2      | 2041 ||| SHOPLISTING flail (63 gold, have 26).
  2041 | D:2      | 2041 ||| SHOPLISTING glowing morningstar (126 gold, have
                  | 26).
  2081 | D:2      | XOM: summons 7 hostile demons
  2082 | D:2      | Noticed a soul eater
  2082 | D:2      | Noticed a chaos spawn
  2082 | D:2      | Noticed an ice devil
  2084 | D:2      | HP: 2/36 [chaos spawn[Xom] (19)]
  2085 | D:2      | Slain by an iron imp

Levels and vault maps discovered:
D:1:      dpeg_arrival_tiny_g, layout_basic,
          hellmonk_ecumenical_altar_watching_god
D:2:      layout_basic, serial_shops, nicolae_shop_stone, serial_corexii_hall,
          corexii_hall_statues_l, chequers_hall_statues_wall_a,
          corexii_hall_statues_l, chequers_hall_statues_y

Skill      XL: |  1  2  3 |
---------------+----------+-----
Axes           | 4 5 |  5.7
Fighting       | |  3.6
Armour         | |  2.4
Dodging        | |  1.1

Action                   |  1- 3 |  4- 6 || total
-------------------------+-------+-------++-------
Melee: Hand axe          |   103 |    43 ||   146
Invok: Renounce Religion |     1 |       ||     1
  Use: Scroll            |     2 |       ||     2
Armor: Leather armour    |    21 |       ||    21
       Chain mail        |    15 |    23 ||    38
Dodge: Dodged            |    44 |     9 ||    53

Table legend:
 A = Non-vault XP
 B = Vault XP
 C = Vault XP percentage of total XP
 D = Non-vault monster count
 E = Vault monster count
 F = Vault count percentage of total count
                 A         B        C        D         E       F
            +---------+---------+-------+---------+---------+-------
      Total |     133 |       0 |   0.0 |      53 |       0 |   0.0
            +---------+---------+-------+---------+---------+-------
        D:1 |      48 |       0 |   0.0 |      28 |       0 |   0.0
        D:2 |      85 |       0 |   0.0 |      25 |       0 |   0.0
            +---------+---------+-------+---------+---------+-------
